 Dungeon Crawl Stone Soup version 0.25-a0-285-gcba6f664f8 (webtiles) character file.

Game seed: 14965442371210350416, levelgen mode: deterministic

218 Esekla the Conjurer (level 5, -10/28 HPs)
             Began as a Deep Elf Conjurer on Dec 11, 2019.
             Was an Initiate of Gozag.
             Blown up by Ijyb (33 damage)
             ... with a disintegration bolt
             ... on level 3 of the Dungeon on Dec 12, 2019.
             The game lasted 00:23:23 (2881 turns).

Esekla the Conjurer (Deep Elf Conjurer)             Turns: 2881, Time: 00:23:24

Health: -10/28     AC: 11    Str:  6    XL:     5   Next: 63%
Magic:  3/14       EV: 12    Int: 20    God:    Gozag
Gold:   250        SH:  0    Dex: 15    Spells: 4/14 levels left

rFire    . . .     SeeInvis +   e - +2 dagger (protect)
rCold    . . .     Gourm    .   (no shield)
rNeg     . . .     Faith    .   r - +1 leather armour {rPois}
rPois    +         Spirit   .   s - +0 helmet
rElec    .         Reflect  .   u - +2 cloak {MR+}
rCorr    .         Harm     .   (no gloves)
MR       +....                  j - +2 pair of boots
Stlth    ++........             (no amulet)
HPRegen  0.09/turn              p - ring of see invisible
MPRegen  0.14/turn              (no ring)

@: very slightly contaminated
A: no striking features
a: Potion Petition, Call Merchant, Bribe Branch, Renounce Religion


You were on level 3 of the Dungeon.
You worshipped Gozag.
Gozag was aware of your devotion.
You were hungry.

You visited 1 branch of the dungeon, and saw 3 of its levels.

You collected 297 gold pieces.
You paid 47 gold pieces to Gozag.

Inventory:

Hand Weapons
 e - a +2 dagger of protection (weapon)
 h - a +0 spear
 n - a +0 short sword of speed
Missiles
 a - 2 javelins
 l - 14 poisoned darts (quivered)
 v - 5 boomerangs
Armour
 j - a +2 pair of boots (worn)
 r - a +1 leather armour of poison resistance (worn)
 s - a +0 helmet (worn)
 u - a +2 cloak of magic resistance (worn)
Magical Staves
 m - an uncursed staff of energy
Jewellery
 p - a ring of see invisible (left hand)
Scrolls
 b - 2 scrolls of enchant armour {unknown}
 f - a scroll of teleportation {unknown}
 g - 2 scrolls of remove curse {unknown}
 i - 2 scrolls of magic mapping {unknown}
 o - a scroll of amnesia {unknown}
 q - 3 scrolls of identify {unknown}
Potions
 d - 4 potions of curing {unknown}
 k - 2 potions of magic {unknown}
 t - a potion of lignification {unknown}
Comestibles
 c - 4 rations


   Skills:
 + Level 0.9 Short Blades
 + Level 0.1 Armour
 + Level 2.8 Dodging
 - Level 4.1 Stealth
 * Level 5.0 Spellcasting
 + Level 5.7 Conjurations
 * Level 0.5 Hexes
 * Level 0.4 Translocations


You had 4 spell levels left.
You knew the following spells:

 Your Spells              Type           Power        Failure   Level  Hunger
a - Magic Dart            Conj           ####         1%          1    None
b - Iskenderun's Mystic   Conj/Tloc      ###.....     45%         4    ####...
d - Dazzling Flash        Conj/Hex       ###...       16%         3    ##.....
e - Searing Ray           Conj           ####..       2%          2    None

Your spell library contained the following spells:

 Spells                   Type           Power        Failure   Level  Hunger
 Fulminant Prism          Conj/Hex       ###.......   45%         4    ####...


Dungeon Overview and Level Annotations

Branches:
Dungeon (3/15)

Altars:
Gozag
Hepliaklqana

Annotations:
D:3 Ijyb


Message History

You hit Ijyb.
Your weapon exudes an aura of protection.
Ijyb is lightly wounded.
Ijyb hits you with a +0 club.
Casting: Searing Ray (safe; 2% risk of failure)
Confirm with . or Enter, or press ? or * to list all spells.
Aiming: Searing Ray (safe; 2% risk of failure)
Press: ? - help, Shift-Dir - straight line, f/p - Ijyb
Aim: Ijyb, wielding a +0 club, wearing a +0 ring mail and carrying a wand of disintegration (14) (lightly wounded)
The searing ray hits Ijyb!
Ijyb is heavily wounded. (Press . to maintain the ray.) Ijyb barely misses you.
The searing ray misses Ijyb.
Ijyb hits you but does no damage.
The searing ray misses Ijyb.
Ijyb hits you but does no damage.
The searing ray hits Ijyb!
Ijyb is almost dead.
You finish channeling your searing ray.
Ijyb zaps a wand.
You are blasted!
Ouch! That really hurt!
You die...

# #.# #.# #.#######.##.....## #
#.# #.# #.# #.####.#### #
##.####.#####.#######..........
#
#......................####..##
# #..####.#........#####.#
#..## ###..# #.#.###.##.# #.#
#.... .##..# #.#.# #.##.# #.#
#.### .##..# #.#.# #.g#.#
#.####.### .##..####.#.# ##@#.#
#......... ..........#.# #.#.#
######.### .##..######.#
#.#.##########.# # .##..#
#.####..............# # .##..#
#........#####..##### # .##..#
######.### #..# # .##..# #.#
#..# ###..# #.# #..# #>.#######
#.# ####..#######


You could see Ijyb.

Vanquished Creatures
  Crazy Yiuf (D:2)
  A bullfrog skeleton (D:3)
  Natasha (thrice) (D:2)
  An adder (D:3)
  3 worms (D:2)
  A dart slug (D:3)
  3 orcs (D:3)
  A ball python (D:2)
  2 giant cockroaches
  3 goblins
  9 hobgoblins
  8 jackals
  2 quokkas
  7 bats
  3 frilled lizards
  10 kobolds
  10 rats
68 creatures vanquished.

Notes
Turn   | Place    | Note
-------+----------+-------------------------------------------
     0 | D:1      | Esekla the Deep Elf Conjurer began the quest for the Orb.
     0 | D:1      | Reached XP level 1. HP: 10/10 MP: 6/6
   537 | D:2      | Reached XP level 2. HP: 15/15 MP: 1/8
   632 | D:1      | Learned a level 2 spell: Searing Ray
   814 | D:3      | Found a hazy altar of Hepliaklqana.
   818 | D:3      | Reached skill level 5 in Conjurations
   820 | D:3      | Reached XP level 3. HP: 19/19 MP: 5/10
   972 | D:3      | Noticed Ijyb
  1050 | D:2      | Found a runed translucent door.
  1051 | D:2      | Noticed Crazy Yiuf
  1110 | D:2      | Noticed Natasha
  1551 | D:2      | Found an opulent altar of Gozag.
  1582 | D:2      | Became a worshipper of Gozag Ym Sagoz the Greedy
  1818 | D:2      | Killed Natasha
  1818 | D:2      | Reached XP level 4. HP: 23/24 MP: 1/12
  1829 | D:2      | Found a faded altar of an unknown god.
  1829 | D:2      | Noticed Natasha
  2032 | D:2      | Killed Natasha
  2414 | D:2      | Noticed Natasha
  2420 | D:2      | Killed Natasha
  2420 | D:2      | Reached XP level 5. HP: 25/28 MP: 9/13
  2439 | D:2      | Learned a level 4 spell: Iskenderun's Mystic Blast
  2443 | D:2      | Learned a level 3 spell: Dazzling Flash
  2478 | D:2      | Killed Crazy Yiuf
  2741 | D:3      | Reached skill level 5 in Spellcasting
  2881 | D:3      | Blown up by Ijyb

Levels and vault maps discovered:
D:1:      minmay_arrival_doors, layout_loops_corners
D:2:      layout_basic, overflow_temple_1_default,
          chequers_ecumenical_altar_simple_redux, first_ration,
          kennysheep_generic_room_6, uniq_natasha, uniq_crazy_yiuf_cottage
D:3:      layout_loops_ring, old_standard_altar, kennysheep_slug_shrine,
          serial_bayou_pond_e, due_unseen_surprise, uniq_ijyb

Skill      XL: |  1  2  3  4  5 |
---------------+----------------+-----
Conjurations   | 5 |  5.7
Stealth        | 3 4 |  4.1
Spellcasting   | 4 5 |  5.0
Short Blades   | |  0.9
Armour         | |  0.1
Dodging        | |  2.8
Hexes          | |  0.5
Translocations | |  0.4

Action                   |  1- 3 |  4- 6 || total
-------------------------+-------+-------++-------
Melee: Dagger            |    18 |    21 ||    39
Throw: Dart              |       |     5 ||     5
 Cast: Magic Dart        |    43 |     8 ||    51
       Searing Ray       |     9 |    13 ||    22
 Stab: Sleeping          |     4 |     4 ||     8
  Eat: Chunk             |     2 |       ||     2
       Ration            |       |     1 ||     1
Armor: Robe              |     7 |     5 ||    12
       Leather armour    |       |     7 ||     7
Dodge: Dodged            |    16 |    23 ||    39

Table legend:
 A = Non-vault XP
 B = Vault XP
 C = Vault XP percentage of total XP
 D = Non-vault monster count
 E = Vault monster count
 F = Vault count percentage of total count
                 A         B        C        D         E       F
            +---------+---------+-------+---------+---------+-------
      Total |     232 |      80 |  25.6 |      63 |       5 |   7.4
            +---------+---------+-------+---------+---------+-------
        D:1 |      20 |       0 |   0.0 |      14 |       0 |   0.0
        D:2 |     124 |      80 |  39.2 |      29 |       5 |  14.7
        D:3 |      88 |       0 |   0.0 |      20 |       0 |   0.0
            +---------+---------+-------+---------+---------+-------
